 Dungeon Crawl Stone Soup version 0.27-a0-291-gd9602db6ee (webtiles) character file.

Game seed: 12000290326372673130

550 snetch the Chopper (level 7, -9/63 HPs)
             Began as a Minotaur Berserker on Feb 9, 2021.
             Was a Believer of Trog.
             Mangled by a gnoll
             ... wielding a +0 halberd
              (11 damage)
             ... on level 6 of the Dungeon.
             The game lasted 00:02:55 (1066 turns).

snetch the Chopper (Minotaur Berserker)             Turns: 1066, Time: 00:02:56

Health: -9/63      AC:  7    Str: 23    XL:     7   Next: 7%
Magic:  6/6        EV: 12    Int:  4    God:    Trog [**....]
Gold:   110        SH:  0    Dex: 10    Spells: 6/6 levels left

rFire    . . .     SeeInvis .   d - +0 scythe
rCold    . . .     Faith    +   (shield currently unavailable)
rNeg     . . .     Spirit   .   g - +0 ring mail
rPois    .         Reflect  .   (helmet restricted)
rElec    .         Harm     .   (no cloak)
rCorr    .         Rampage  .   h - +0 pair of gloves
Will     .....                  (no boots)
Stlth    +.........             f - amulet of faith
HPRegen  0.20/turn              (no ring)
MPRegen  0.10/turn              (no ring)

@: berserk cooldown, slowed, very slow
A: retaliatory headbutt, horns 2
a: Renounce Religion, Berserk, Trog's Hand


You were on level 6 of the Dungeon.
You worshipped Trog.
Trog was pleased with you.
You visited 1 branch of the dungeon, and saw 6 of its levels.

You collected 110 gold pieces.

Inventory:

Hand Weapons
 a - a +0 hand axe
 d - a +0 scythe (weapon)
 o - a cursed +0 hand axe
 q - a +0 trident
 r - a +0 vorpal falchion
 s - a +0 flail
Missiles
 c - 52 stones
 n - 38 arrows
 p - 23 bolts
 t - 5 boomerangs
Armour
 g - a +0 ring mail (worn)
 h - a +0 pair of gloves (worn)
 l - a +0 troll leather armour {Purgy}
 m - a +0 ring mail of willpower
 w - a cursed +0 robe
Jewellery
 f - an amulet of faith (around neck)
 u - a +4 ring of protection {unknown}
Scrolls
 v - a scroll of remove curse {unknown}
Potions
 b - a potion of cancellation {unknown}
 e - 2 potions of might {unknown}
 i - a potion of curing {unknown}
 j - a potion of degeneration {unknown}
 k - 2 potions of attraction {unknown}


   Skills:
 + Level 6.0 Fighting
 + Level 6.3(6.6) Axes
 + Level 2.7(4.9) Polearms
 + Level 4.0 Armour
 + Level 3.6 Dodging
 + Level 0.3 Stealth


You had 6 spell levels left.
You didn't know any spells.
Your spell library was empty.

Dungeon Overview and Level Annotations

Branches:
Dungeon (6/15)
 Temple: D:4-7

Altars:
Ashenzari
Nemelex Xobeh
Sif Muna


Innate Abilities, Weirdness & Mutations

You reflexively headbutt those who attack you in melee.
You have a pair of horns on your head.


Message History

You reach to attack!
You hit the gnoll.
The gnoll is lightly wounded.
The gnoll barely misses you. x2
Reach: d) +0 scythe
Press: ? - help, Dir - move target, f/p - gnoll
Aim: a gnoll, wielding a +0 halberd and wearing the +2 robe of Immorality {Harm +Inv rElec Dex+4} (lightly wounded, about 44% to evade your +0 scythe)
You reach to attack!
You barely miss the gnoll.
The gnoll is lightly wounded.
The gnoll hits you from afar with a +0 halberd.
The gnoll hits you from afar with a +0 halberd!
* * * LOW HITPOINT WARNING * * *
Reach: d) +0 scythe
Press: ? - help, Dir - move target, f/p - gnoll
Aim: a gnoll, wielding a +0 halberd and wearing the +2 robe of Immorality {Harm +Inv rElec Dex+4} (lightly wounded, about 44% to evade your +0 scythe)
You reach to attack!
You hit the gnoll.
The gnoll is severely wounded.
The gnoll hits you from afar with a +0 halberd!
* * * LOW HITPOINT WARNING * * *
The gnoll hits you from afar with a +0 halberd!
You die...

######
#....#
#..@.#
#..)?#
#..g.#
#....#
#.....
#....##
#....#
......
.#....#


You could see a gnoll.

Vanquished Creatures
  Sigmund (D:3)
  Purgy (D:3)
  A sky beast (D:6)
  An ogre (D:5)
  A scorpion (D:4)
  3 gnolls (D:6)
  An adder (D:5)
  A dart slug (D:2)
  A leopard gecko (D:1)
  6 orcs
  3 ball pythons
  A giant cockroach (D:2)
  3 jackals (D:5)
  2 bats (D:1)
  A goblin (D:1)
  A kobold (D:1)
28 creatures vanquished.

Notes
Turn   | Place    | Note
-------+----------+-------------------------------------------
     0 | D:1      | snetch the Minotaur Berserker began the quest for the Orb.
     0 | D:1      | Reached XP level 1. HP: 19/19 MP: 0/0
    23 | D:1      | Found a sparkling altar of Nemelex Xobeh.
   150 | D:3      | Found a broken altar of Ashenzari.
   152 | D:3      | Noticed Sigmund
   168 | D:3      | Killed Sigmund
   169 | D:3      | Reached skill level 5 in Fighting
   169 | D:3      | Reached skill level 5 in Axes
   169 | D:3      | Reached XP level 2. HP: 7/29 MP: 1/1
   169 | D:3      | Reached XP level 3. HP: 8/36 MP: 2/2
   169 | D:3      | Reached XP level 4. HP: 10/42 MP: 3/3
   169 | D:3      | Reached XP level 5. HP: 11/48 MP: 4/4
   815 | D:3      | Noticed Purgy
   826 | D:3      | Killed Purgy
   827 | D:3      | Reached XP level 6. HP: 56/56 MP: 5/5
   863 | D:3      | Found a shimmering blue altar of Sif Muna.
   888 | D:4      | Reached skill level 1 in Polearms
   934 | D:5      | Entered Level 5 of the Dungeon
  1024 | D:6      | Noticed a sky beast
  1045 | D:6      | Killed a sky beast
  1045 | D:6      | Reached ** piety under Trog
  1046 | D:6      | Reached XP level 7. HP: 63/63 MP: 6/6
  1058 | D:6      | Identified the +2 robe of Immorality {Harm +Inv rElec
                  | Dex+4}
  1066 | D:6      | HP: 2/63 [gnoll/+0 halberd (9)]
  1066 | D:6      | Mangled by a gnoll

Illustrated notes

Levels and vault maps discovered:
D:1:      roderic_dead_forest, layout_basic, minmay_tree_intersection,
          nemelex_xobeh_ov_fountains_minmay
D:2:      layout_basic, general_overflow_altar, hangedman_decor_clover_reticule,
          minmay_stone_trees_medium
D:3:      layout_basic, led_sif_book, overflow_temple_1_default,
          ebering_ghost_sewer_d, chequers_big_river,
          hangedman_decor_peaks_small, hex_large, kennysheep_flooded_box,
          nicolae_dithmenos_through_a_glass_darkly, uniq_ijyb, uniq_purgy,
          uniq_sigmund
D:4:      layout_basic, kiku_gazebo_garden_becter, cheibriados_altar_1,
          nicolae_gozag_cash_rules_everything_around_me, uniq_natasha
D:5:      layout_cave_pools, nzn_hepliaklqana_mist_gate, serial_undead,
          serial_undead_c, serial_undead_c, serial_undead_c, serial_undead_f,
          serial_undead_e
D:6:      layout_rooms, minmay_temple_entry_trees, hex_intersection, uniq_edmund

Skill      XL: |  1  2  3  4  5  6 |
---------------+-------------------+-----
Fighting       | 5 6 |  6.0
Axes           | 5 6 |  6.3
Armour         | 3 4 |  4.0
Dodging        | 3 |  3.6
Polearms       | 2 |  2.7
Stealth        | |  0.3

Action                   |  1- 3 |  4- 6 |  7- 9 || total
-------------------------+-------+-------+-------++-------
Melee: Hand axe          |    12 |       |       ||    12
       Headbutt          |     2 |     6 |     2 ||    10
       Scythe            |       |    36 |    11 ||    47
Invok: Berserk           |     1 |     3 |       ||     4
 Stab: Sleeping          |       |     1 |       ||     1
Armor: Ring mail         |       |    22 |     2 ||    24
       Animal skin       |       |     1 |       ||     1
Dodge: Dodged            |     6 |    45 |    16 ||    67

Table legend: (Time is in decaauts)
 A = Elapsed time spent in this place.
 B = Non-inter-level travel time spent in this place.
 C = Inter-level travel time spent in this place.
 D = Time resting spent in this place.
 E = Time spent auto-exploring this place.
 F = Levels seen in this place.
 G = Mean time per level.
                   A        B        C        D        E       F      G
               +--------+--------+--------+--------+--------+-----+--------+
         Total |   1142 |   1142 |      0 |     58 |    610 |   6 |  190.3 |
       Dungeon |   1142 |   1142 |      0 |     58 |    610 |   6 |  190.3 |
               +--------+--------+--------+--------+--------+-----+--------+

Top non-repeatable levels by time:
     D:1: 652 daAuts
     D:2: 148 daAuts
     D:5: 117 daAuts
     D:3: 113 daAuts
     D:4: 66 daAuts
     D:6: 45 daAuts
